 Dungeon Crawl Stone Soup version 0.23.1 (webtiles) character file.

Game seed: 15509504604447407875

147 vishdafish the Skirmisher (level 5, -3/42 HPs)
             Began as a Human Berserker on Mar 16, 2019.
             Was a Believer of Trog.
             Slain by Sigmund
             ... wielding a +7 scythe
              (10 damage)
             ... on level 4 of the Dungeon.
             The game lasted 00:03:32 (3505 turns).

vishdafish the Skirmisher (Human Berserker)         Turns: 3505, Time: 00:03:33

Health: -3/42      AC: 10    Str: 19    XL:     5   Next: 54%
Magic:  5/5        EV:  8    Int:  7    God:    Trog [**....]
Gold:   116        SH:  0    Dex: 12    Spells: 4/4 levels left

rFire    . . .     SeeInvis .   a - +0 hand axe
rCold    + . .     Gourm    .   (no shield)
rNeg     . . .     Faith    .   y - +0 chain mail
rPois    .         Spirit   .   n - +0 helmet
rElec    .         Reflect  .   (no cloak)
rCorr    .         Harm     .   (no gloves)
MR       +....                  (no boots)
Stlth    ..........             (no amulet)
HPRegen  0.14/turn              k - ring of protection from cold
MPRegen  0.09/turn              x - ring of protection from magic

@: berserk cooldown, starving, slowed, very slow
A: no striking features
a: Berserk, Trog's Hand, Renounce Religion


You were on level 4 of the Dungeon.
You worshipped Trog.
Trog was pleased with you.
You were starving.

You visited 1 branch of the dungeon, and saw 4 of its levels.

You collected 116 gold pieces.

Inventory:

Hand Weapons
 a - a +0 hand axe (weapon)
 s - a +0 blowgun
Missiles
 r - 4 curare-tipped needles
Armour
 b - a +0 animal skin
 n - a +0 helmet (worn)
 y - a +0 chain mail (worn)
Jewellery
 k - a ring of protection from cold (left hand)
 v - an uncursed ring of protection from cold
 x - a ring of protection from magic (right hand)
Wands
 o - a wand of flame (15)
Scrolls
 d - a scroll of immolation {unknown}
 e - a scroll of teleportation {unknown}
 f - 3 scrolls of remove curse {unknown}
 h - a scroll of random uselessness {unknown}
 j - a scroll of fog {unknown}
 l - 5 scrolls of identify {unknown}
 m - a scroll of noise {unknown}
 p - 3 scrolls of blinking {unknown}
 u - a scroll of fear {unknown}
Potions
 g - a potion of lignification {unknown}
 i - a potion of brilliance {unknown}
 q - a potion of agility {unknown}
 t - a potion of flight {unknown}
 w - a potion of might {unknown}
Comestibles
 c - 3 rations


   Skills:
 + Level 3.9 Fighting
 + Level 3.8 Axes
 + Level 3.0 Armour
 + Level 3.1 Dodging


You had 4 spell levels left.
You didn't know any spells.
Your spell library was empty.

Dungeon Overview and Level Annotations

Branches:
Dungeon (4/15)
 Temple: D:4-7

Altars:
Dithmenos
Zin

Annotations:
D:4 Sigmund


Message History

Something hits you!
You hit something. You hit the frilled lizard.
You kill the frilled lizard!
Trog accepts your kill.
You miss something. Something hits you but does no damage.
You miss something. You closely miss something. Something hits you.
You barely miss something. You barely miss something.
You are no longer berserk.
You are exhausted.
You feel yourself slow down. Something hits you!
You hit something but do no damage. Something hits you!
* * * LOW HITPOINT WARNING * * *
Your chain mail prevents you from hitting something.
Something hits you but does no damage.
Evoke which item? (* to show all) (? for menu, Esc to quit)
Okay, then.
Something hits you!
You die...

#. #...._._. .#.##
#.......# .......
#.......#
....#.#.##..$....#
#.................#
#.................#
#..........?......#
...#............@.{..#
...#.#......<.##.††......
...#.#........#.........#
.....#........#.........#
.....##.......#.........#
#..##.......#.........#
#.......#####....(....#
##.<...## #.........#
#.....#


There were no monsters in sight!

Vanquished Creatures
  Terence (D:2)
  Robin (D:2)
  An adder (D:2)
  A gnoll (D:1)
  2 oozes (D:3)
  3 worms (D:3)
  A dart slug (D:1)
  4 leopard geckos
  An orc (D:3)
  A bat (D:3)
  4 giant cockroaches
  12 goblins
  7 hobgoblins
  11 kobolds
  3 quokkas (D:3)
  2 ball pythons (D:2)
  8 frilled lizards
  7 rats
70 creatures vanquished.

Notes
Turn   | Place    | Note
-------+----------+-------------------------------------------
     0 | D:1      | vishdafish the Human Berserker began the quest for the Orb.
     0 | D:1      | Reached XP level 1. HP: 18/18 MP: 1/1
    71 | D:1      | Reached XP level 2. HP: 17/24 MP: 2/2
   336 | D:1      | Reached XP level 3. HP: 19/29 MP: 3/3
  1009 | D:2      | Reached ** piety under Trog
  1040 | D:2      | Reached XP level 4. HP: 26/35 MP: 4/4
  1275 | D:2      | Noticed Robin
  1293 | D:2      | Killed Robin
  1615 | D:2      | Noticed Terence
  1630 | D:2      | Killed Terence
  1630 | D:2      | Reached XP level 5. HP: 42/42 MP: 5/5
  3484 | D:4      | Found a shadowy altar of Dithmenos.
  3484 | D:4      | Found a glowing silver altar of Zin.
  3484 | D:4      | Noticed Sigmund
  3505 | D:4      | Slain by Sigmund

Skill      XL: |  1  2  3  4  5 |
---------------+----------------+-----
Dodging        | 3 |  3.1
Armour         | 3 |  3.0
Fighting       | |  3.9
Axes           | |  3.8

Action                   |  1- 3 |  4- 6 || total
-------------------------+-------+-------++-------
Melee: Hand axe          |    88 |   139 ||   227
Invok: Berserk           |     1 |     4 ||     5
 Stab: Sleeping          |     1 |     2 ||     3
  Eat: Chunk             |     1 |     3 ||     4
       Ration            |       |     2 ||     2
Armor: Animal skin       |    15 |    16 ||    31
       Chain mail        |       |    32 ||    32
Dodge: Dodged            |    47 |    76 ||   123
